 Dungeon Crawl Stone Soup version 0.26-a0-651-gb41185065b (webtiles) character file.

Game seed: 11567264215181151992

9632 dzhemaptula the Thaumaturge (level 11, -4/121 HPs)
             Began as a Deep Dwarf Earth Elementalist on Oct 3, 2020.
             Was a Priest of Makhleb.
             Slain by an unseen horror (5 damage)
             ... on level 10 of the Dungeon.
             The game lasted 00:44:29 (23135 turns).

dzhemaptula the Thaumaturge (DDEE)                 Turns: 23135, Time: 00:44:29

Health: -4/121     AC: 25    Str: 12    XL:     11   Next: 25%
Magic:  0/0        EV:  2    Int: 21    God:    Makhleb [***...]
Gold:   389        SH:  0    Dex: 13    Spells: 28/32 levels left

rFire    . . .     SeeInvis .   q - +1 falchion (freeze)
rCold    . . .     Faith    .   (no shield)
rNeg     + + +     Spirit   .   (armour currently unavailable)
rPois    +         Reflect  .   (helmet currently unavailable)
rElec    .         Harm     .   (cloak currently unavailable)
rCorr    .         Rampage  .   (gloves currently unavailable)
MR       ++...     NoTele   +   (boots currently unavailable)
Stlth    ++........             (no amulet)
HPRegen  0.00/turn              F - ring of teleportation (curse)
MPRegen  0.07/turn              G - ring of wizardry

@: tree-form (expiring), berserk cooldown, non-regenerating, hasted and slowed
A: damage resistance, heal wounds, clever 1, magic resistance 1, sense
surroundings 2, no regeneration
a: Heal Wounds, Minor Destruction, Lesser Servant of Makhleb, Renounce Religion


You were on level 10 of the Dungeon.
You worshipped Makhleb.
Makhleb was most pleased with you.
You were a tree.
You visited 2 branches of the dungeon, and saw 12 of its levels.

You collected 389 gold pieces.

Inventory:

Hand Weapons
 m - a +0 dagger
 q - a +1 falchion of freezing (weapon)
 x - a +6 shortbow
Missiles
 b - 55 stones (quivered)
 y - 22 arrows
Armour
 e - a +0 robe
 l - a +0 pair of gloves (melded)
 r - a +0 cloak
 v - +0 fire dragon scales (melded)
 J - a scarf of shadows (melded)
Jewellery
 n - an uncursed ring of poison resistance {unknown}
 o - an uncursed ring of fire
 F - a cursed ring of teleportation (left branch)
 G - a ring of wizardry (right branch)
Wands
 s - a wand of polymorph (7)
 A - a wand of iceblast (20)
 E - a wand of flame (21)
Scrolls
 a - a scroll of immolation
 f - 4 scrolls of teleportation
 g - 3 scrolls of fog
 h - 3 scrolls of identify
 i - a scroll of magic mapping
 j - a scroll of enchant armour
 p - a scroll of random uselessness {unknown}
 z - a scroll of blinking
 B - a scroll of vulnerability {unknown}
 C - a scroll of amnesia
Potions
 c - 2 potions of stabbing
 k - a potion of lignification


   Skills:
 - Level 0.3(1.4) Short Blades
 - Level 2.5(2.6) Long Blades
 + Level 7.7 Bows
 + Level 0.8 Throwing
 - Level 3.5 Armour
 - Level 2.3 Dodging
 - Level 2.5 Stealth
 - Level 11.2 Spellcasting
 - Level 0.5 Conjurations
   Level 0.8 Transmutations
 * Level 5.7 Earth Magic


You had 28 spell levels left.
You knew the following spells:

 Your Spells              Type           Power        Failure   Level
a - Sandblast             Erth           #####.       1%          1
b - Stone Arrow           Conj/Erth      ####..       1%          3

Your spell library contained the following spells:

 Spells                   Type           Power        Failure   Level
 Beastly Appendage        Tmut           ###...       1%          1
 Passwall                 Tmut/Erth      ####....     1%          2
 Summon Small Mammal      Summ           ##..         2%          1
 Wereblood                Tmut           ###.....     2%          2
 Call Imp                 Summ           ##......     3%          2
 Spider Form              Tmut/Pois      ##........   6%          3
 Petrify                  Tmut/Erth      ####....     6%          4
 Lee's Rapid Deconstruct  Erth           #####.....   6%          5
 Call Canine Familiar     Summ           ##......     7%          3
 Summon Guardian Golem    Hex/Summ       ##......     7%          3
 Ice Form                 Ice/Tmut       ##......     19%         4
 Summon Ice Beast         Ice/Summ       ##......     22%         4
 Summon Lightning Spire   Summ/Air       ##......     22%         4
 Blade Hands              Tmut           ###.......   38%         5
 Summon Demon             Summ           ##........   52%         5
 Summon Forest            Summ/Tloc      ##........   52%         5
 Summon Mana Viper        Hex/Summ       ##......     52%         5
 Shadow Creatures         Summ           N/A          96%         6
 Summon Hydra             Summ           ##........   100%        7


Dungeon Overview and Level Annotations

Branches:
Dungeon (11/15)            Temple (1/1) D:4            Lair (0/6) D:10
    Orc: D:9-12

Altars:
Ashenzari
Cheibriados
Elyvilon
Fedhas
Gozag
Kikubaaqudgha
Makhleb
Nemelex Xobeh
Qazlal
Ru
Wu Jian
Xom


Innate Abilities, Weirdness & Mutations

You are resistant to damage.
You can heal yourself by infusing magical energy.
You passively map the area around you.
You do not regenerate.
((You have a pair of small antennae on your head.))
((You have very sharp teeth.))
Your mind is acute. (Int +2)
You are resistant to hostile enchantments. (MR+)


Message History

You cannot move.
You cannot move.
You cannot move.
You cannot move.
You cannot move.
You hit something but do no damage.
Your transformation is almost over.
Something hits you!
* * * LOW HITPOINT WARNING * * *
Something hits you but does no damage.
You cannot move.
There is a strange disturbance nearby!
You feel yourself speed up. Something hits you but does no damage.
You cannot move.
Something hits you but does no damage. Something hits you but does no damage.
You cannot move.
You cannot move.
Something hits you!
You die...

#..#..#########P.....P..P...####.
#.......#...##P..P...............
#.##.........#....P.PP♣♣...####..
#..................P.♣P.....##..#
###.....................P.♣.##...
#..............♣..>.P....P##..#
##..........[..P..........##..#
##...#.......♣.♣.........##..#
#.####......♣...|..........## #.#
#..##...........P..##.## #)##
#..###..♣........#.....# #..#
#...(...........#####... #..#
#............P..# #.## #..#
#.#.............# ###.##
#..###.#......[<.....###...##
#...#....##...)..........####
#...#....##.........###### #


There were no monsters in sight!

Vanquished Creatures
  2 two-headed ogres (D:9)
  The ghost of p0werm0de the Skirmisher, a novice MiFi (D:4)
  The ghost of p0werm0de the Skirmisher, a novice MiFi of Ru (D:4)
  The ghost of Irenicus the Slasher, a novice GnCK of Xom (D:4)
  Maggie (D:10)
  Grinder (D:3)
  4 hippogriffs
  Sigmund (D:5)
  5 yaks
  Grum (D:8)
  Eustachio (D:4)
  A steam dragon (D:8)
  2 water moccasins
  Duvessa (D:4)
  3 porcupines
  3 phantoms
  2 ice beasts
  3 sky beasts
  2 wolves (D:8)
  5 ogres
  3 centaurs
  2 crocodiles
  2 big kobolds
  6 bullfrogs
  A water moccasin zombie (D:8)
  Dowan (D:4)
  A wyvern skeleton (D:8)
  4 scorpions
  9 killer bees
  5 howler monkeys
  2 centaur zombies
  A jelly (D:7)
  5 hounds
  An orc priest (D:4)
  7 orc wizards
  11 worker ants
  A hound zombie (D:7)
  A hound skeleton (D:10)
  8 gnolls
  13 adders
  3 shadow imps
  3 white imps
  3 ufetubi
  2 oozes
  An adder zombie (D:8)
  3 worms
  3 dart slugs
  7 leopard geckos
  31 orcs
  4 giant cockroaches
  9 goblins
  3 hobgoblins
  6 jackals
  A quokka (D:2)
  3 ball pythons
  6 bats
  11 frilled lizards
  A jackal skeleton (D:4)
  17 kobolds
  A leopard gecko zombie (D:6)
  2 quokka skeletons
  9 rats
254 creatures vanquished.

Vanquished Creatures (others)
  A quokka (D:6)
  2 fungi (D:10)
  8 plants (D:10)
11 creatures vanquished.

Grand Total: 265 creatures vanquished

Notes
Turn   | Place    | Note
-------+----------+-------------------------------------------
     0 | D:1      | dzhemaptula the Deep Dwarf Earth Elementalist began the
                  | quest for the Orb.
     0 | D:1      | Reached XP level 1. HP: 15/15 MP: 3/3
   125 | D:1      | Reached XP level 2. HP: 22/22 MP: 0/4
   284 | D:1      | Reached skill level 2 in Spellcasting
  1968 | D:1      | Reached XP level 3. HP: 28/28 MP: 1/4
  3590 | D:2      | Found a snail-covered altar of Cheibriados.
  3590 | D:2      | Found a sparkling altar of Nemelex Xobeh.
  4323 | D:2      | Reached skill level 3 in Spellcasting
  4785 | D:3      | Reached XP level 4. HP: 36/36 MP: 4/6
  5241 | D:3      | Noticed Grinder
  5247 | D:3      | Paralysed by Grinder for 4 turns
  5263 | D:3      | Paralysed by Grinder for 7 turns
  5275 | D:3      | Paralysed by Grinder for 7 turns
  5284 | D:3      | Paralysed by Grinder for 2 turns
  5293 | D:3      | Killed Grinder
  5293 | D:3      | Reached skill level 5 in Spellcasting
  5293 | D:3      | Reached XP level 5. HP: 38/42 MP: 0/10
  5293 | D:3      | Reached XP level 6. HP: 44/49 MP: 0/11
  6746 | D:3      | Learned a level 3 spell: Stone Arrow
  6774 | D:3      | Reached skill level 6 in Spellcasting
  6816 | D:3      | Reached XP level 7. HP: 54/55 MP: 1/13
  6930 | D:4      | Found a broken altar of Ashenzari.
  7372 | D:4      | Noticed Eustachio
  7443 | D:4      | Killed Eustachio
  7552 | D:4      | Found a staircase to the Ecumenical Temple.
  7700 | Temple   | Entered the Ecumenical Temple
  7876 | Temple   | Became a worshipper of Makhleb the Destroyer
  8385 | D:4      | Reached skill level 7 in Spellcasting
  9439 | D:5      | Entered Level 5 of the Dungeon
  9443 | D:5      | Reached XP level 8. HP: 55/62 MP: 7/11
  9899 | D:5      | Reached skill level 1 in Long Blades
 10185 | D:5      | Found a runed translucent gate.
 10186 | D:5      | Found a runed translucent gate.
 10187 | D:5      | Found a runed translucent gate.
 10188 | D:5      | Noticed Irenicus's ghost (novice GnCK)
 10189 | D:5      | Noticed p0werm0de's ghost (novice MiFi)
 10189 | D:5      | Noticed p0werm0de's ghost (novice MiFi)
 10271 | D:4      | Killed p0werm0de's ghost
 10271 | D:4      | Reached skill level 8 in Spellcasting
 10439 | D:5      | Reached * piety under Makhleb
 10446 | D:5      | Noticed Sigmund
 10450 | D:5      | Noticed Duvessa
 10618 | D:4      | Killed Irenicus's ghost
 10618 | D:4      | Reached skill level 9 in Spellcasting
 10792 | D:5      | Noticed Dowan
 11155 | D:4      | Killed Duvessa
 11155 | D:4      | Gained mutation: You passively map the area around you.
                  | [Deep Dwarf growth]
 11155 | D:4      | Reached XP level 9. HP: 61/68 MP: 3/9
 11157 | D:4      | Killed Dowan
 11403 | D:4      | Killed p0werm0de's ghost
 11403 | D:4      | Reached skill level 10 in Spellcasting
 11578 | D:5      | Killed Sigmund
 11968 | D:5      | Found an ornate altar of the Wu Jian Council.
 12471 | D:6      | Found a white marble altar of Elyvilon.
 14071 | D:6      | Reached skill level 1 in Bows
 14897 | D:7      | You fall into a shaft and drop 2 floors!
 15760 | D:8      | Reached skill level 11 in Spellcasting
 15785 | D:8      | Reached XP level 10. HP: 68/75 MP: 2/8
 16258 | D:8      | Reached ** piety under Makhleb
 16930 | D:8      | Noticed Grum
 16954 | D:8      | Killed Grum
 17530 | D:8      | Noticed a two-headed ogre
 17536 | D:8      | Reached skill level 5 in Bows
 18440 | D:9      | Noticed a two-headed ogre
 18489 | D:9      | Killed a two-headed ogre
 18630 | D:9      | Reached skill level 1 in Armour
 19074 | D:9      | Killed a two-headed ogre
 21070 | D:10     | Entered Level 10 of the Dungeon
 21078 | D:9      | Gained mutation: You are resistant to hostile enchantments.
                  | (MR+) [potion of mutation]
 21078 | D:9      | Gained mutation: Your mind is acute. (Int +2) [potion of
                  | mutation]
 21078 | D:9      | Gained mutation: You have very sharp teeth. [potion of
                  | mutation]
 21078 | D:9      | Gained mutation: You have a pair of small antennae on your
                  | head. [potion of mutation]
 21141 | D:9      | Reached XP level 11. HP: 58/81 MP: 1/1
 21148 | D:9      | Reached skill level 5 in Earth Magic
 21555 | D:9      | Reached *** piety under Makhleb
 21857 | D:10     | Found a staircase to the Lair.
 22511 | D:10     | Noticed Maggie
 22525 | D:10     | Killed Maggie
 23108 | D:10     | HP: 9/181 [something (2)]
 23131 | D:10     | HP: 1/121 [something (5)]
 23135 | D:10     | Slain by an unseen horror

Illustrated notes

Levels and vault maps discovered:
D:1:      minmay_arrival_cross, layout_rooms, serial_rivers,
          chequers_serial_rivers_large_b, chequers_serial_rivers_micro_e,
          chequers_serial_rivers_micro_d, chequers_serial_rivers_small_b,
          chequers_serial_rivers_micro_e, chequers_serial_rivers_small_a,
          serial_bayou_pond_d, minmay_cupped
D:2:      layout_loops_ring, gammafunk_temple_overflow_wave
D:3:      layout_basic, chequers_garden, uniq_grinder
D:4:      layout_rooms, evilmike_ruin_ashenzari, minmay_temple_entry_poolview,
          uniq_eustachio
D:5:      layout_rooms, kennysheep_mini_moat, gammafunk_ghost_cemetery,
          uniq_duvessa, uniq_sigmund
D:6:      kennysheep_big_flooded_room, layout_loops_cross, elyvilon_altar_4
D:7:      layout_basic, dk_noncrumbling_3
D:8:      layout_basic, uniq_grum
D:9:      layout_irregular_city
D:10:     layout_rooms, minmay_lair_entry_grove, uniq_maggie
D:11:     layout_cave_pools, kennysheep_orc_monster_closet_entryway,
          serial_column_ruins, column_ruins_hut, column_ruins_hut,
          column_ruins_grid_1, column_ruins_corridor_straight,
          column_ruins_open_medium, column_ruins_open_small
Temple:   hc_temple_tempest_star

Skill      XL: |  1  2  3  4  5  6  7  8  9 10 11 |
---------------+----------------------------------+-----
Spellcasting   | 2 3 5 6 7 9 11 | 11.2
Long Blades    | 2 |  2.5
Bows           | 3 6 7 |  7.7
Armour         | 3 |  3.5
Earth Magic    | 5 |  5.7
Short Blades   | |  0.3
Throwing       | |  0.8
Dodging        | |  2.3
Stealth        | |  2.5
Conjurations   | |  0.5
Transmutations | |  0.8

Action                   |  1- 3 |  4- 6 |  7- 9 | 10-12 || total
-------------------------+-------+-------+-------+-------++-------
Melee: Unarmed           |   126 |       |       |       ||   126
       Dagger            |     1 |    69 |    21 |       ||    91
       Falchion          |       |       |   183 |    48 ||   231
       Shortbow          |       |       |       |     3 ||     3
       Bite              |       |       |       |     5 ||     5
 Fire: Shortbow          |       |       |   122 |   418 ||   540
Throw: Stone             |       |       |     2 |    35 ||    37
 Cast: Sandblast         |    40 |    63 |    23 |    43 ||   169
       Stone Arrow       |       |     4 |    79 |     1 ||    84
 Abil: Heal Wounds       |     5 |     7 |    60 |    37 ||   109
  Use: Scroll            |       |       |     6 |    10 ||    16
       Potion            |       |       |     4 |    11 ||    15
 Stab: Sleeping          |     3 |       |       |       ||     3
Armor: Robe              |    39 |    35 |    50 |    20 ||   144
       Fire dragon scale |       |       |       |   249 ||   249
       Skin              |       |       |       |    28 ||    28
Dodge: Dodged            |   107 |    80 |   248 |   244 ||   679
       Rpst.: Falchion   |       |       |    45 |       ||    45

Table legend: (Time is in decaauts)
 A = Elapsed time spent in this place.
 B = Non-inter-level travel time spent in this place.
 C = Inter-level travel time spent in this place.
 D = Time resting spent in this place.
 E = Time spent auto-exploring this place.
 F = Levels seen in this place.
 G = Mean time per level.
                   A        B        C        D        E       F      G
               +--------+--------+--------+--------+--------+-----+--------+
         Total |  23210 |  22530 |    680 |  13807 |   5665 |  12 | 1934.2 |
       Dungeon |  23012 |  22375 |    637 |  13707 |   5620 |  11 | 2092.0 |
        Temple |    197 |    154 |     43 |    100 |     45 |   1 |  197.0 |
               +--------+--------+--------+--------+--------+-----+--------+

Top non-repeatable levels by time:
     D:4: 3838 daAuts
     D:9: 3330 daAuts
     D:1: 3180 daAuts
     D:8: 2633 daAuts
     D:3: 2339 daAuts
     D:7: 2110 daAuts
     D:6: 1704 daAuts
     D:2: 1559 daAuts
     D:5: 1400 daAuts
    D:10: 913 daAuts
  Temple: 197 daAuts
    D:11: 1 daAuts
